 Dungeon Sprint DCSS version 0.27.1-33-g824d729ab1 (webtiles) character file.

Game seed: 15640907327384751978

444 manyhoops the Unseen (level 6, 0/28 HPs)
             Began as a Spriggan Enchanter on Dec 1, 2021.
             Was an Initiate of the Shining One.
             Succumbed to Sonja's poison
             ... in the Dungeon (Sprint I: "Red Sonja").
             The game lasted 00:02:52 (634 turns).

manyhoops the Unseen (Spriggan Enchanter)            Turns: 634, Time: 00:02:52

Health: 0/28       AC:  2    Str:  4    XL:     6   Next: 72%
Magic:  9/11       EV: 17    Int: 16    God:    the Shining One [......]
Gold:   192        SH:  0    Dex: 18    Spells: 7/10 levels left

rFire    . . .     SeeInvis +   a - +1 dagger
rCold    . . .     Faith    .   (shield restricted)
rNeg     + . .     Spirit   .   b - +0 robe
rPois    .         Reflect  .   (helmet restricted)
rElec    .         Harm     .   (no cloak)
rCorr    .         Rampage  .   (gloves unavailable)
Will     +....     NoTele   +   (boots unavailable)
Stlth    +++.......             (no amulet)
HPRegen  0.09/turn              i - ring of positive energy
MPRegen  0.12/turn              (no ring)

@: lethally poisoned (0 -> -32), glowing, very quick
A: very small, no large weapons, unfitting armour, see invisible, speed 3
a: Renounce Religion


You were in the Dungeon.
You worshipped the Shining One.
The Shining One was noncommittal.
You visited 1 branch You collected 297 gold pieces.
You spent 105 gold pieces at shops.

Inventory:

Hand Weapons
 a - a +1 dagger (weapon)
Armour
 b - a +0 robe (worn)
Jewellery
 i - a ring of positive energy (left hand)
Scrolls
 j - a scroll of torment {unknown}
Potions
 c - a potion of curing
 d - a potion of heal wounds
 e - a potion of haste
 f - 2 potions of magic
 g - a potion of attraction {unknown}


   Skills:
 + Level 1.1 Short Blades
 - Level 2.6 Dodging
 - Level 20.3 Stealth
 - Level 2.6 Spellcasting
 - Level 3.6 Hexes


You had 7 spell levels left.
You knew the following spells:

 Your Spells              Type           Power      Damage    Failure   Level
a - Corona                Hex            14%        N/A       4%          1
b - Ensorcelled Hibernat  Hex/Ice        14%        N/A       14%         2

Your spell library contained the following spells:

 Spells                   Type           Power      Damage    Failure   Level
 Confusing Touch          Hex            13%        N/A       13%         3
 Tukima's Dance           Hex            13%        N/A       13%         3
 Dazzling Flash           Conj/Hex       14%        N/A       28%         3


Dungeon Overview and Level Annotations

Branches:
Dungeon (1/1)

Altars:
Cheibriados
Dithmenos
Elyvilon
Fedhas
Gozag
Hepliaklqana
Kikubaaqudgha
Makhleb
Nemelex Xobeh
Okawaru
Qazlal
Ru
Sif Muna
Trog
Uskayaw
Vehumet
Wu Jian
Xom
Yredelemnul
Zin
The Shining One
Jiyva
Lugonu

Shops:
D *

Annotations:
D Sonja


Innate Abilities, Weirdness & Mutations

You are very small and have problems with some larger weapons.
You are too small for most types of armour.
You have supernaturally acute eyesight. (SInv)
You cover ground extremely quickly. (Speed+++)


Message History

Your magical contamination has completely faded away.
You start resting.
Magic restored.
You start resting.
HP restored.
There is an open door here.
You see here a +0 rapier.
You see here 5 large rocks.
There is a shimmering blue altar of Sif Muna here.
There is a shimmering blue altar of Sif Muna here.
You see here 5 large rocks.
Okay, then.
There is a shimmering blue altar of Sif Muna here.
You open the door.
Sonja, the Graceful Assassin comes into view.
She is wielding a +1 dagger of venom and quivering curare-tipped darts.
Found 108 gold pieces.
There is an open door here.
You hit Sonja.
Sonja is lightly wounded.
Sonja hits you with a +1 dagger of venom.
Sonja hits you with a +1 dagger of venom!
You are poisoned.
Sonja hits you with a +1 dagger of venom.
You are lethally poisoned!
Okay, then.
You barely miss Sonja.
Sonja is lightly wounded.
You feel very sick.
Sonja hits you with a +1 dagger of venom.
* * * LOW HITPOINT WARNING * * *
You are more poisoned.
Sonja misses you. Sonja closely misses you.
Unknown command.
Casting: Ensorcelled Hibernation (safe; 14% risk of failure)
Confirm with . or Enter, or press ? or * to list all spells.
Aiming: Ensorcelled Hibernation (safe; 14% risk of failure)
Press: ? - help, Shift-Dir - straight line, f - Sonja
Aim: Sonja, wielding a +1 dagger of venom and quivering curare-tipped darts (haloed, chance to affect: 48%) Sonja looks drowsy...
You die...

#..#####'#####'#__#
#..####..#...#)####
#..#__####..##(#
#..#_____##'#_.+
#⌠⌠#_.∩..÷'..._#
####_..__##_.#'#
#_____###'#.#
#########.###


+$@$+ #$K$# ##.## #+# You could see Sonja (asleep).

Vanquished Creatures
  Sigmund (D)
  A yak (D)
  An ogre (D)
  A jelly (D)
  Ijyb (D)
5 creatures vanquished.

Notes
Turn   | Place    | Note
-------+----------+-------------------------------------------
     0 | D        | manyhoops the Spriggan Enchanter began the quest for the
                  | Orb.
     0 | D        | Reached XP level 1. HP: 9/9 MP: 5/5
     1 | D        | Noticed Ijyb
     5 | D        | Killed Ijyb
     6 | D        | Reached skill level 9 in Stealth
     6 | D        | Reached XP level 2. HP: 11/13 MP: 6/6
   121 | D        | Noticed an ogre
   124 | D        | Killed an ogre
   125 | D        | Reached skill level 14 in Stealth
   125 | D        | Reached XP level 3. HP: 16/16 MP: 8/8
   125 | D        | Reached XP level 4. HP: 21/21 MP: 9/9
   126 | D        | Noticed Sigmund
   129 | D        | Killed Sigmund
   130 | D        | Reached skill level 18 in Stealth
   130 | D        | Reached XP level 5. HP: 24/24 MP: 10/10
   130 | D        | Reached XP level 6. HP: 28/28 MP: 11/11
   151 | D        | Found an ornate altar of the Wu Jian Council.
   151 | D        | Found a shimmering blue altar of Sif Muna.
   153 | D        | Found a radiant altar of Vehumet.
   183 | D        | Learned a level 2 spell: Ensorcelled Hibernation
   361 | D        | Found Ibaapsy's Assorted Antiques.
   361 | D        | Found an ancient bone altar of Kikubaaqudgha.
   361 | D        | Found a hazy altar of Hepliaklqana.
   361 | D        | Found a stormy altar of Qazlal.
   361 | D        | Found a hide-covered altar of Uskayaw.
   361 | D        | Found a blossoming altar of Fedhas.
   361 | D        | Found a bloodstained altar of Trog.
   361 | D        | Found an iron altar of Okawaru.
   361 | D        | Found a basalt altar of Yredelemnul.
   361 | D        | Found a glowing golden altar of the Shining One.
   361 | D        | Found a snail-covered altar of Cheibriados.
   361 | D        | Found a sacrificial altar of Ru.
   361 | D        | Found a glowing silver altar of Zin.
   361 | D        | Found a shadowy altar of Dithmenos.
   361 | D        | Found a white marble altar of Elyvilon.
   361 | D        | Noticed a yak
   362 | D        | Found an opulent altar of Gozag.
   363 | D        | Killed a yak
   364 | D        | Reached skill level 20 in Stealth
   364 | D        | Found a sparkling altar of Nemelex Xobeh.
   370 | D        | Became a worshipper of the Shining One
   373 | D        | Bought a golden ring for 105 gold pieces
   391 | D        | Found a viscous altar of Jiyva.
   391 | D        | Found a corrupted altar of Lugonu.
   391 | D        | Noticed a slime creature
   392 | D        | Found a burning altar of Makhleb.
   392 | D        | Found a shimmering altar of Xom.
   628 | D        | Noticed Sonja
   634 | D        | Succumbed to Sonja's poison

Illustrated notes

Levels and vault maps discovered:
D:        dungeon_sprint_1 [red_sonja_temple_1, red_sonja_temple_small_1]

Skill      XL: |  1  2  3  4  5  6 |
---------------+-------------------+-----
Stealth        | 9 14 18 20 | 20.3
Short Blades   | |  1.1
Dodging        | |  2.6
Spellcasting   | |  2.6
Hexes          | |  3.6

Action                   |  1- 3 |  4- 6 || total
-------------------------+-------+-------++-------
Melee: Dagger            |     4 |    10 ||    14
 Cast: Ensorcelled Hiber |       |     4 ||     4
       Corona            |       |     1 ||     1
  Use: Potion            |     1 |       ||     1
       Scroll            |       |     1 ||     1
 Stab: Sleeping          |     1 |     3 ||     4
Armor: Robe              |       |     1 ||     1
Dodge: Dodged            |       |     4 ||     4
